 Dungeon Crawl Stone Soup version 0.30-a0-965-g42e074c17a (webtiles) character file.

Game seed: 11257099017416147289

382 Demosthentine the Poker (level 6, -1/48 HPs)
             Began as a Demonspawn Gladiator on Mar 31, 2023.
             Succumbed to a goblin's poison
             ... on level 3 of the Dungeon.
             The game lasted 00:03:13 (2710 turns).

Demosthentine the Poker (Demonspawn Gladiator)      Turns: 2710, Time: 00:03:13

Health: -1/48      AC:  7    Str: 16    XL:     6   Next: 47%
Magic:  6/6        EV: 13    Int: 10    God:
Gold:   123        SH:  0    Dex: 16    Spells: 5/5 levels left

rFire   . . .      SeeInvis .    a - +0 trident
rCold   . . .      Faith    .    (no shield)
rNeg    . . .      Spirit   .    b - +0 leather armour
rPois   .          Reflect  .    n - +2 helmet
rElec   .          Rampage  .    f - +0 cloak
rCorr   .                        (no gloves)
Will    .....                    (no boots)
Stlth   ++                       (no amulet)
HPRegen 0.28/turn                (no ring)
MPRegen 0.10/turn                (no ring)

@: lethally poisoned (-1 -> -30), attractive
A: hooves 1, thin skeletal structure 1
a: no special abilities


You were on level 3 of the Dungeon.
You visited 1 branch of the dungeon, and saw 4 of its levels.

You collected 123 gold pieces.

Inventory:

Hand Weapons
 a - a +0 trident (weapon)
Missiles
 d - 3 throwing nets (quivered)
 e - a javelin
Armour
 b - a +0 leather armour (worn)
 c - a +1 helmet
 f - a +0 cloak (worn)
 n - a +2 helmet (worn)
Wands
 l - a wand of polymorph (24)
Scrolls
 i - a scroll of poison {unknown}
 m - a scroll of teleportation
 o - 2 scrolls of enchant armour
Potions
 g - 2 potions of might
 h - a potion of attraction
 j - 2 potions of brilliance
 k - a potion of lignification {unknown}


   Skills:
 + Level 3.9 Fighting
 + Level 4.0 Polearms
 - Level 1.7 Throwing
 + Level 2.7 Armour
 + Level 4.0 Dodging


You had 5 spell levels left.
You didn't know any spells.
Your spell library contained the following spells:

 Spells                   Type           Power      Damage    Failure   Level
 Magic Dart               Conj           0%         1d3       41%         1
 Shock                    Conj/Air       0%         1d3       41%         1
 Ensorcelled Hibernation  Hex/Ice        0%         N/A       56%         2
 Passwall                 Tmut/Erth      0%         N/A       56%         2
 Searing Ray              Conj           0%         2d4       56%         2
 Call Canine Familiar     Summ           0%         N/A       80%         3
 Portal Projectile        Hex/Tloc       0%         N/A       80%         3
 Swiftness                Air            0%         N/A       80%         3
 Vhi's Electric Charge    Tloc/Air       0%         N/A       80%         3
 Airstrike                Air            0%         2d(0-16)  99%         4
 Fulminant Prism          Conj/Hex       0%         3d5       99%         4
 Leda's Liquefaction      Hex/Erth       0%         N/A       99%         4
 Arcjolt                  Conj/Air       0%         1d10      100%        5
 Maxwell's Capacitive Co  Air            0%         ∞         100%        8


Dungeon Overview and Level Annotations

Branches:
Dungeon (4/15)
 Temple: D:4-7

Altars:


Innate Abilities, Weirdness & Mutations

You have large cloven feet.
You have a somewhat thin skeletal structure. (Dex +2, Stealth+)


Message History

A goblin is nearby!
You hit the goblin but do no damage. You kick the goblin, but do no damage.
You feel very sick. The goblin misses you.
A goblin is nearby!
You hit the goblin but do no damage. You kick the goblin, but do no damage.
You feel very sick. The goblin closely misses you.
You barely miss the goblin. Your kick misses the goblin.
You feel sick. The goblin hits you but does no damage.
A goblin is nearby!
You closely miss the goblin.
You feel very sick. The goblin hits you but does no damage.
You are more poisoned.
A goblin is nearby!
You hit the goblin but do no damage. Your kick misses the goblin.
You feel very sick. The goblin hits you but does no damage.
You are more poisoned.
You barely miss the goblin. You kick the goblin, but do no damage.
You feel very sick. The goblin hits you but does no damage.
You are more poisoned.
You barely miss the goblin. You kick the goblin, but do no damage.
You feel very sick.
The goblin hits you with a +2 dagger of venom.
You are more poisoned.
The goblin hits you but does no damage.
You are more poisoned.
You hit the goblin. You kick the goblin.
You punch the goblin, but do no damage.
The goblin is severely wounded.
* * * LOW HITPOINT WARNING * * *
You feel extremely sick.
The goblin hits you with a +2 dagger of venom.
* * * LOW HITPOINT WARNING * * *
It was a potion of attraction.
You feel attractive to monsters.
You die...

....# )...# ##.)......#
##### #...P.?P...
####..........
#....P......P.
#.#...........
#.#....?...... #####
##.#..P......P? ....#
##...#..@g...... ###.#
##........P..P...
###.####................
>..#..........###....##.
.##.######...## #.#.#
...(...# ##.## .....
....##.# ### ##.###
.....# # .. ........


You could see a goblin.

Vanquished Creatures
  A black bear (D:3)
  An orc priest (D:3)
  Crazy Yiuf (D:2)
  Jessica (D:3)
  Ijyb (D:3)
  Robin (D:3)
  6 gnolls
  2 adders
  A worm (D:2)
  4 dart slugs
  8 orcs
  4 ball pythons
  2 bats
  5 endoplasms
  11 goblins
  13 hobgoblins
  4 quokkas
  A frilled lizard (D:1)
  6 kobolds
  6 rats
79 creatures vanquished.

Vanquished Creatures (others)
  A fungus (D:2)
1 creature vanquished.

Grand Total: 80 creatures vanquished

Notes
Turn   | Place    | Note
-------+----------+-------------------------------------------
     0 | D:1      | Demosthentine the Demonspawn Gladiator began the quest for
                  | the Orb.
     0 | D:1      | Reached XP level 1. HP: 16/16 MP: 1/1
   298 | D:1      | Gained mutation: You have a somewhat thin skeletal
                  | structure. (Dex +2, Stealth+) [demonic ancestry]
   298 | D:1      | Reached XP level 2. HP: 22/22 MP: 2/2
   900 | D:2      | Reached skill level 1 in Armour
   900 | D:2      | Reached XP level 3. HP: 20/28 MP: 3/3
  1106 | D:2      | Identified the +11 dagger of Cisog {freeze, rPois Int+2}
  1138 | D:2      | You fall into a shaft and drop 2 floors!
  1233 | D:4      | Reached XP level 4. HP: 20/34 MP: 4/4
  1902 | D:2      | Found a runed translucent door.
  1903 | D:2      | Noticed Crazy Yiuf
  1912 | D:2      | Killed Crazy Yiuf
  1913 | D:2      | Reached XP level 5. HP: 41/41 MP: 5/5
  2036 | D:3      | Noticed Ijyb
  2049 | D:3      | Killed Ijyb
  2311 | D:3      | Noticed Jessica
  2315 | D:3      | Killed Jessica
  2410 | D:3      | Noticed Robin
  2455 | D:3      | Gained mutation: You have large cloven feet. [demonic
                  | ancestry]
  2455 | D:3      | Reached XP level 6. HP: 43/47 MP: 6/6
  2469 | D:3      | Killed Robin
  2710 | D:3      | Succumbed to a goblin's poison

Illustrated notes

Levels and vault maps discovered:
D:1:      lightli_arrival_quake, layout_loops_corners
D:2:      layout_basic, minmay_close_crescents, uniq_crazy_yiuf_cottage
D:3:      layout_loops_cross, minmay_misc_feat_plants, uniq_robin, uniq_ijyb,
          uniq_jessica
D:4:      layout_loops_cross

Skill      XL: |  1  2  3  4  5  6 |
---------------+-------------------+-----
Polearms       | 3 4 |  4.0
Armour         | 1 2 |  2.7
Dodging        | 3 4 |  4.0
Fighting       | 3 |  3.9
Throwing       | |  1.7

Action                     |  1- 3 |  4- 6 || total
---------------------------+-------+-------++-------
  Melee: Trident           |   111 |   174 ||   285
         Punch             |       |     2 ||     2
         Unarmed           |       |     8 ||     8
         Kick              |       |    11 ||    11
  Throw: Throwing net      |       |     2 ||     2
    Use: Scroll            |     5 |     4 ||     9
         Potion            |       |     3 ||     3
   Stab: Sleeping          |     7 |     6 ||    13
         Held in net/web   |       |     5 ||     5
         Confused          |       |     1 ||     1
 Armour: Leather armour    |    27 |    40 ||    67
         Skin              |       |     3 ||     3
  Dodge: Dodged            |    52 |    82 ||   134

Table legend: (Time is in decaauts)
 A = Elapsed time spent in this place.
 B = Non-inter-level travel time spent in this place.
 C = Inter-level travel time spent in this place.
 D = Time resting spent in this place.
 E = Time spent auto-exploring this place.
 F = Levels seen in this place.
 G = Mean time per level.
                   A        B        C        D        E       F      G
               +--------+--------+--------+--------+--------+-----+--------+
         Total |   2749 |   2731 |     18 |     27 |   2066 |   4 |  687.2 |
       Dungeon |   2749 |   2731 |     18 |     27 |   2066 |   4 |  687.2 |
               +--------+--------+--------+--------+--------+-----+--------+

Top non-repeatable levels by time:
     D:1: 871 daAuts
     D:2: 827 daAuts
     D:3: 798 daAuts
     D:4: 252 daAuts
